 Dungeon Crawl Stone Soup version 0.28.0-1-gb440e238dd (webtiles) character file.

Game seed: 13444491777575347430

2767 spaghetti the Cleaver (level 9, -6/75 HPs)
             Began as a Naga Chaos Knight on Feb 20, 2022.
             Was a Plaything of Xom.
             Mangled by a troll (13 damage)
             ... on level 6 of the Dungeon.
             The game lasted 00:08:37 (8987 turns).

spaghetti the Cleaver (Naga Chaos Knight)           Turns: 8987, Time: 00:08:39

Health: -6/75      AC: 10    Str: 18 (19) XL:     9   Next: 69%
Magic:  9/9        EV:  7    Int: 12 (13) God:    Xom [*.....]
Gold:   378        SH:  0    Dex:  5 (6)  Spells: 8/8 levels left

rFire   + . .      SeeInvis +   f - +4 battleaxe (freeze)
rCold   . . .      Faith    .   (shield currently unavailable)
rNeg    . . .      Spirit   .   m - +3 scale mail {Will+}
rPois   +          Reflect  .   o - +0 helmet
rElec   .          Harm     .   (no cloak)
rCorr   .          Rampage  .   (no gloves)
Will    ++...                   (no barding)
Stlth   ..........              (no amulet)
HPRegen 0.22/turn               b - ring of protection from fire
MPRegen 0.11/turn               (no ring)

@: unable to read, very slow
A: AC +3, large, see invisible, deformed body, poison resistance, slowness 2,
spit poison 1, naga tail 1, clumsy 2, deterioration 1, inability to read while
threatened
a: Spit Poison, Renounce Religion


You were on level 6 of the Dungeon.
You worshipped Xom.
You were a special plaything of Xom.
You visited 1 branch of the dungeon, and saw 7 of its levels.

You collected 378 gold pieces.

Inventory:

Hand Weapons
 f - a +4 battleaxe of freezing (weapon)
Armour
 m - a +3 scale mail of willpower (worn)
 o - a +0 helmet (worn)
Jewellery
 b - a ring of protection from fire (left hand)
Wands
 i - a wand of mindburst (9)
 k - a wand of digging (6)
 l - a wand of flame (25)
Scrolls
 c - 4 scrolls of identify
 d - a scroll of enchant armour
 e - 3 scrolls of silence
 h - a scroll of fear {unknown}
 n - 4 scrolls of teleportation
Potions
 g - 4 potions of curing
 p - a potion of brilliance


   Skills:
 - Level 3.0 Fighting
 + Level 13.2 Axes
 - Level 1.5 Armour
 - Level 0.7 Dodging


You had 8 spell levels left.
You didn't know any spells.
Your spell library contained the following spells:

 Spells                   Type           Power      Damage    Failure   Level
 Animate Skeleton         Necr           0%         N/A       71%         1
 Foxfire                  Conj/Fire      0%         2x1d4     71%         1
 Pain                     Necr           0%         1d4       71%         1
 Sandblast                Erth           0%         2d4       71%         1
 Passwall                 Tmut/Erth      0%         N/A       85%         2
 Conjure Flame            Conj/Fire      0%         6-21      97%         3
 Gell's Gravitas          Tloc           0%         N/A       97%         3
 Inner Flame              Hex/Fire       0%         N/A       97%         3
 Lesser Beckoning         Tloc           0%         N/A       97%         3
 Stone Arrow              Conj/Erth      0%         3d7       97%         3
 Teleport Other           Tloc           0%         N/A       97%         3
 Vampiric Draining        Necr           0%         2d6       97%         3
 Flame Wave               Conj/Fire      0%         2d4       100%        4


Dungeon Overview and Level Annotations

Branches:
Dungeon (7/15)             Temple (0/1) D:6

Altars:
Ashenzari
Cheibriados
Elyvilon
Fedhas
Hepliaklqana
Nemelex Xobeh
Ru


Innate Abilities, Weirdness & Mutations

Your serpentine skin is tough. (AC +3)
You have supernaturally acute eyesight. (SInv)
Armour fits poorly on your strangely shaped body.
Your system is resistant to poisons. (rPois)
You cover ground very slowly.
You can spit poison.
You have a snake-like lower body.
You are very clumsy. (Dex -4)
Your body sometimes deteriorates upon taking damage.
You sometimes lose the ability to read scrolls when taking damage.


Message History

The gnoll shaman calls upon its god to speed up something.
The troll bites you. The troll claws you. The troll closely misses you.
You see here a +0 pair of gloves.
The gnoll shaman invokes the aid of its god against you.
You resist with almost no effort. The troll barely misses you.
The troll completely misses you. The troll barely misses you.
There is a stone staircase leading up here.
The troll bites you but does no damage. The troll claws you! x2
You climb upwards.
There is a stone staircase leading down here.
Unknown command.
You are too injured to fight recklessly!
You are too injured to fight recklessly!
You are too injured to fight recklessly!
You are too injured to fight recklessly!
You are too injured to fight recklessly!
You are too injured to fight recklessly!
You closely miss the troll. The troll barely misses you. The troll claws you!
The troll claws you.
* * * LOW HITPOINT WARNING * * *
You cannot read scrolls in your current state!
Unknown command.
Okay, then.
You closely miss the troll. The troll bites you!
* * * LOW HITPOINT WARNING * * *
Your body deteriorates!
You feel clumsy. The troll claws you but does no damage. The troll claws you.
* * * LOW HITPOINT WARNING * * *
Unknown command.
Aiming: Charm
Press: ? - help, Shift-Dir - straight line, f - troll
Aim: a troll (chance to affect: 49%)
Okay, then.
Aiming: Charm
Press: ? - help, Shift-Dir - straight line, f - troll
Aim: a troll (chance to affect: 49%)
The troll resists with some effort.
The now-empty wand crumbles to dust.
The troll bites you!
You die...
Xom howls with laughter!

#####.................#..
#.................#..
#.................#..
#.................###
#.....#'####.........
#.....#....#.........
#.....#..............
#.....#..............
#...@T#..§§.....)....
#.....#...§.....##'##
#.....'.........#...#
#.....#....#)...#...#
#.....#....#....###.#
#.....#######.....#.#
#.....#.....#.)...#..
#.....#.....'.....#..
#.....#.....#.....#..


You could see a troll.

Vanquished Creatures
  Pikel (D:6)
  Maggie (D:6)
  A troll (D:6)
  A shadow (D:5)
  Eustachio (D:5)
  Menkaure (D:6)
  Edmund (D:5)
  A water moccasin (D:5)
  2 sky beasts
  An ice beast (D:6)
  A necrophage (D:5)
  An ogre (D:6)
  A lemure (D:6)
  A kobold brigand (D:4)
  Blork the orc (D:4)
  A scorpion (D:5)
  A bullfrog zombie (D:6)
  A jelly (D:6)
  4 orc priests
  A bullfrog skeleton (D:3)
  Ijyb (D:5)
  A scorpion zombie (D:5)
  Natasha (twice) (D:3)
  An orc wizard (D:6)
  A hound zombie (D:5)
  2 hound skeletons (D:4)
  5 adders
  2 gnolls (D:7)
  A shadow imp (D:6)
  2 white imps (D:6)
  An ufetubus (D:5)
  A worm (D:3)
  9 orcs
  3 bats (D:1)
  8 endoplasms
  5 giant cockroaches
  4 goblins
  7 hobgoblins
  3 jackals (D:3)
  A quokka (D:4)
  6 ball pythons
  4 frilled lizards
  4 kobolds
  2 rats
100 creatures vanquished.

Vanquished Creatures (collateral kills)
  An ogre (D:6)
  A kobold (D:1)
2 creatures vanquished.

Vanquished Creatures (others)
  3 plants (D:1)
3 creatures vanquished.

Grand Total: 105 creatures vanquished

Notes
Turn   | Place    | Note
-------+----------+-------------------------------------------
     0 | D:1      | spaghetti the Naga Chaos Knight began the quest for the
                  | Orb.
     0 | D:1      | Reached XP level 1. HP: 21/21 MP: 1/1
   247 | D:1      | Reached XP level 2. HP: 21/28 MP: 2/2
   755 | D:1      | Found a faded altar of an unknown god.
  1015 | D:1      | Reached skill level 4 in Axes
  1235 | D:2      | XOM: 2-stop teleportation journey
  1240 | D:2      | XOM: silly message
  1266 | D:2      | Reached XP level 3. HP: 34/34 MP: 3/3
  1349 | D:2      | XOM: cloud trail
  2049 | D:3      | XOM is BORED!
  2117 | D:3      | Noticed Natasha
  2132 | D:3      | XOM: noise
  2138 | D:3      | Killed Natasha
  2139 | D:3      | Reached skill level 5 in Axes
  2139 | D:3      | Reached XP level 4. HP: 14/42 MP: 4/4
  2392 | D:3      | Noticed Natasha
  2397 | D:3      | Found a white marble altar of Elyvilon.
  2397 | D:3      | XOM: 4-stop teleportation journey
  2546 | D:3      | XOM: summons 2 hostile demons
  2943 | D:3      | XOM: 9-stop teleportation journey
  3101 | D:3      | XOM: swap monsters
  3103 | D:3      | Killed Natasha
  3104 | D:3      | Reached XP level 5. HP: 37/49 MP: 5/5
  3257 | D:3      | Noticed Natasha
  3260 | D:3      | Noticed Natasha
  3260 | D:3      | Natasha changed into Natasha the worm
  3260 | D:3      | XOM: polymorph Natasha -> Natasha the worm
  3262 | D:3      | Killed Natasha the worm
  3460 | D:3      | XOM: give mutations
  3460 | D:3      | Gained mutation: Your body sometimes deteriorates upon
                  | taking damage. [Xom's mischief]
  3460 | D:3      | Gained mutation: Your flesh is heat resistant. (rF+) [Xom's
                  | mischief]
  3603 | D:4      | Noticed a kobold brigand
  3618 | D:4      | HP: 2/49 [kobold brigand (10)]
  3723 | D:4      | XOM: silly message
  3861 | D:4      | XOM: noise
  3979 | D:4      | Reached skill level 6 in Axes
  4062 | D:4      | Noticed Blork the orc
  4063 | D:4      | XOM: stat loss: -1 Str (16/17)
  4074 | D:4      | XOM: silly message
  4076 | D:4      | Killed Blork the orc
  4077 | D:4      | Reached XP level 6. HP: 16/56 MP: 6/6
  4225 | D:4      | XOM: divination: detect items
  4342 | D:4      | Found a blossoming altar of Fedhas.
  4358 | D:4      | XOM: divination: detect creatures
  4573 | D:4      | XOM: silly message
  4589 | D:4      | Reached skill level 7 in Axes
  4597 | D:4      | XOM: silly message
  4713 | D:4      | Found a sacrificial altar of Ru.
  4885 | D:4      | Found a broken altar of Ashenzari.
  4909 | D:4      | XOM: torment (29/56 hp)
  5522 | D:5      | Entered Level 5 of the Dungeon
  5531 | D:5      | Noticed a shadow
  5537 | D:5      | Killed a shadow
  5538 | D:5      | Reached skill level 8 in Axes
  5538 | D:5      | Reached XP level 7. HP: 56/62 MP: 7/7
  5710 | D:5      | Noticed Ijyb
  5723 | D:5      | XOM: swap monsters
  5724 | D:5      | Killed Ijyb
  5846 | D:5      | Noticed Eustachio
  5862 | D:5      | Killed Eustachio
  5863 | D:5      | Reached skill level 9 in Axes
  5951 | D:5      | Reached XP level 8. HP: 60/69 MP: 8/8
  6050 | D:5      | XOM: noise
  6121 | D:5      | Found a hazy altar of Hepliaklqana.
  6192 | D:5      | Noticed Edmund
  6198 | D:5      | Killed Edmund
  6364 | D:5      | XOM: smoke on damage
  6482 | D:5      | Reached skill level 10 in Axes
  6484 | D:5      | XOM: summons 5 hostile demons
  6692 | D:5      | XOM: confuse monster(s)
  6717 | D:5      | XOM: god gift: 33 gold pieces
  6759 | D:6      | Noticed Pikel
  6759 | D:6      | XOM: destruction
  6760 | D:6      | XOM: summons friendly quasit
  6764 | D:6      | XOM: cast spell 'Summon Cactus Giant'
  6766 | D:6      | Killed Pikel
  6767 | D:6      | Reached skill level 11 in Axes
  6767 | D:6      | Reached XP level 9. HP: 55/75 MP: 9/9
  6824 | D:6      | XOM: 3-stop teleportation journey
  6845 | D:6      | Found a staircase to the Ecumenical Temple.
  7003 | D:6      | XOM: potion effect (brilliance)
  7011 | D:6      | Found a snail-covered altar of Cheibriados.
  7176 | D:6      | Noticed a troll
  7185 | D:6      | Killed a troll
  7186 | D:6      | Reached skill level 12 in Axes
  7449 | D:6      | XOM: stat loss: -1 Str (18/19)
  7799 | D:6      | Noticed Maggie
  7824 | D:6      | Killed Maggie
  8110 | D:6      | XOM: 1-stop teleportation journey
  8151 | D:6      | Found a sparkling altar of Nemelex Xobeh.
  8187 | D:6      | XOM: stat loss: -1 Dex (9/10)
  8210 | D:6      | XOM: give mutations
  8210 | D:6      | Gained mutation: You are clumsy. (Dex -2) [Xom's mischief]
  8210 | D:6      | Gained mutation: You are very clumsy. (Dex -4) [Xom's
                  | mischief]
  8210 | D:6      | Lost mutation: Your flesh is heat resistant. (rF+) [Xom's
                  | mischief]
  8210 | D:6      | Gained mutation: You sometimes lose the ability to read
                  | scrolls when taking damage. [Xom's mischief]
  8328 | D:6      | Reached skill level 13 in Axes
  8355 | D:6      | Noticed Menkaure
  8364 | D:6      | Killed Menkaure
  8975 | D:7      | Noticed a troll
  8987 | D:6      | Mangled by a troll

Illustrated notes

Levels and vault maps discovered:
D:1:      psy_arrival_basics, layout_loops_corners,
          ebering_ecumenical_altar_mist, nrook_campfire, serial_bayou_pond_b,
          serial_bayou_lagoon_b
D:2:      layout_rooms, corexii_hall_statues_i
D:3:      layout_basic, mainiacjoe_overflow_surrounded_room, uniq_natasha
D:4:      nicolae_cairo_tiling_very_big, layout_basic,
          overflow_temple_1_default, nicolae_ru_sacrificial_ziggurat,
          ashenzari_altar_1, nicolae_ossuary_entry_false_entrances,
          hangedman_decor_points, uniq_blork_the_orc
D:5:      layout_basic, mainiacjoe_overflow_alcove_1, minmay_misc_feat_iff,
          uniq_ijyb, uniq_edmund, uniq_eustachio
D:6:      layout_gridville, mainiacjoe_overflow_catwalk,
          nicolae_overflow_crystal_walls, minmay_temple_entry_purple_smoke,
          serial_glass, glass_columns_a, glass_columns_b,
          kennysheep_generic_room_9, uniq_pikel, uniq_maggie, uniq_menkaure
D:7:      layout_gridville, serial_glass, glass_columns_b, glass_columns_c,
          glass_columns_a, glass_columns_c

Skill      XL: |  1  2  3  4  5  6  7  8  9 |
---------------+----------------------------+-----
Axes           | 4 5 6 8 9 11 13 | 13.2
Fighting       | |  3.0
Armour         | |  1.5
Dodging        | |  0.7

Action                   |  1- 3 |  4- 6 |  7- 9 || total
-------------------------+-------+-------+-------++-------
Melee: Hand axe          |   111 |    65 |       ||   176
       Punch             |     2 |       |       ||     2
       Broad axe         |       |     4 |       ||     4
       Battleaxe         |       |    38 |   165 ||   203
 Abil: Spit Poison       |       |     5 |     3 ||     8
Evoke: Wand              |       |       |     1 ||     1
  Use: Potion            |     1 |     2 |     4 ||     7
       Scroll            |       |     4 |     2 ||     6
 Stab: Confused          |     1 |     1 |       ||     2
Armor: Leather armour    |    30 |    44 |    12 ||    86
       Skin              |     6 |       |       ||     6
       Scale mail        |       |       |    71 ||    71
Dodge: Dodged            |    62 |    56 |    70 ||   188
